 Dungeon Crawl Stone Soup version 0.28-a0-724-g66f9036eb4 (webtiles) character file.

Game seed: 14345221776051592457

471 AarnesTheHuman the Shield-Bearer (level 7, -1/56 HPs)
             Began as a Formicid Fighter on Oct 27, 2021.
             Slain by Duvessa (4 damage)
             ... on level 5 of the Dungeon.
             The game lasted 00:05:39 (5723 turns).

AarnesTheHuman the Shield-Bearer (Formicid Fighter) Turns: 5723, Time: 00:05:39

Health: -1/56      AC:  8    Str: 22    XL:     7   Next: 31%
Magic:  7/7        EV:  9    Int:  8    God:
Gold:   174        SH:  5    Dex: 10    Spells: 6/6 levels left

rFire   . . .      SeeInvis +   a - +0 long sword (freeze)
rCold   + . .      Faith    .   c - +0 buckler
rNeg    . . .      Spirit   .   b - +1 scale mail
rPois   .          Reflect  .   (helmet unavailable)
rElec   .          Harm     .   (no cloak)
rCorr   .          Rampage  .   (no gloves)
Will    .....                   (no boots)
Stlth   ..........              w - amulet of the acrobat
HPRegen 0.18/turn               m - ring of flight
MPRegen 0.10/turn               q - ring of protection from cold

@: flying
A: permanent stasis, dig shafts and tunnels, antennae 3, four strong arms
a: Dig, Shaft Self


You were on level 5 of the Dungeon.
You visited 1 branch of the dungeon, and saw 6 of its levels.

You collected 174 gold pieces.

Inventory:

Hand Weapons
 a - a +0 long sword of freezing (weapon)
 f - a +2 short sword of venom
Missiles
 e - 7 curare-tipped darts
 g - 172 stones
 i - 7 poisoned darts (quivered)
Armour
 b - a +1 scale mail (worn)
 c - a +0 buckler (worn)
Jewellery
 m - a ring of flight (left hand)
 q - a ring of protection from cold (right hand)
 s - a ring of protection from fire
 w - an amulet of the acrobat (around neck)
 z - a +6 ring of dexterity
Wands
 r - a wand of flame (16)
 A - a wand of digging (2)
Scrolls
 h - a scroll of enchant armour
 j - a scroll of identify
 l - a scroll of holy word {unknown}
 o - a scroll of acquirement {unknown}
 v - a scroll of teleportation
 y - a scroll of summoning {unknown}
Potions
 d - 3 potions of might
 k - a potion of magic {unknown}
 n - a potion of lignification {unknown}
 p - a potion of cancellation {unknown}
 t - a potion of mutation {unknown}
 u - 3 potions of attraction
 x - 2 potions of brilliance {unknown}


   Skills:
 + Level 5.1 Fighting
 + Level 4.0 Long Blades
 + Level 5.1 Armour
 + Level 5.5 Shields


You had 6 spell levels left.
You didn't know any spells.
Your spell library contained the following spells:

 Spells                   Type           Power      Damage    Failure   Level
 Magic Dart               Conj           0%         1d3       71%         1
 Sandblast                Erth           0%         2d4       71%         1
 Call Imp                 Summ           0%         N/A       85%         2
 Corpse Rot               Necr/Air       0%         N/A       85%         2
 Passwall                 Tmut/Erth      0%         N/A       85%         2
 Poisonous Vapours        Pois/Air       0%         N/A       85%         2
 Static Discharge         Conj/Air       0%         N/A       85%         2
 Dazzling Flash           Conj/Hex       0%         N/A       97%         3
 Mephitic Cloud           Conj/Pois/Air  0%         N/A       97%         3
 Ozocubu's Armour         Ice            0%         N/A       97%         3
 Stone Arrow              Conj/Erth      0%         3d7       97%         3
 Dispel Undead            Necr           0%         3d6       100%        4
 Sticky Flame             Conj/Fire      0%         2d3       100%        4
 Agony                    Necr           0%         N/A       100%        5
 Alistair's Intoxication  Tmut/Pois      0%         N/A       100%        5
 Borgnjor's Vile Clutch   Necr/Erth      0%         N/A       100%        5
 Fireball                 Conj/Fire      0%         3d3       100%        5
 Iskenderun's Battlesphe  Conj           0%         2d6       100%        5
 Silence                  Hex/Air        0%         N/A       100%        5
 Conjure Ball Lightning   Conj/Air       0%         3x3d6     100%        6
 Eringya's Noxious Bog    Tmut/Pois      0%         N/A       100%        6
 Invisibility             Hex            0%         N/A       100%        6
 Orb of Destruction       Conj           0%         N/A       100%        7
 Ozocubu's Refrigeration  Ice            0%         4d5       100%        7
 Swiftness                Air            Unusable   N/A       N/A         3

Dungeon Overview and Level Annotations

Branches:
Dungeon (6/15)
 Temple: D:4-7

Altars:

Annotations:
D:5 exclusion: downstairs, Dowan, Duvessa
D:6 Grinder


Innate Abilities, Weirdness & Mutations

You cannot be hasted, slowed, berserked, paralysed or teleported.
You can dig through walls and to a lower floor.
You have a pair of large antennae on your head. (SInv)
Your four strong arms can wield two-handed weapons with a shield.


Message History

Aim: Duvessa, wielding a +7 rapier and wearing a +0 ring mail (lightly wounded, poisoned, 65% to hit)
You throw a poisoned dart. The poisoned dart hits Duvessa.
Duvessa looks even sicker.
Duvessa is lightly wounded.
The kobold brigand shouts!
A kobold comes into view. It is wielding a +0 club.
Throw: 9 darts (poison)
Press: ? - help, Q - select action, (/) - cycle Shift-Dir - straight line, f/p - Duvessa
Aim: Duvessa, wielding a +7 rapier and wearing a +0 ring mail (lightly wounded, very poisoned, 65% to hit)
You throw a poisoned dart.
The poisoned dart barely misses Duvessa.
Throw: 8 darts (poison)
Press: ? - help, Q - select action, (/) - cycle Shift-Dir - straight line, f/p - Duvessa
Aim: Duvessa, wielding a +7 rapier and wearing a +0 ring mail (lightly wounded, very poisoned, 65% to hit)
You throw a poisoned dart.
The poisoned dart barely misses Duvessa.
Dowan hits you but does no damage. You block Duvessa's attack.
Dowan barely misses you.
You fly upwards.
Level annotation: exclusion: downstairs
There is a stone staircase leading down here.
You hit Duvessa but do no damage.
Duvessa is lightly wounded.
Duvessa hits you with a +7 rapier! Dowan hits you but does no damage.
Duvessa hits you with a +7 rapier!
You closely miss Duvessa.
Duvessa is lightly wounded.
Dowan hits you with a +0 dagger. Duvessa hits you with a +7 rapier.
You slash Duvessa! You freeze Duvessa.
Duvessa is heavily wounded.
Dowan casts a spell at you. The puff of frost misses you.
Duvessa hits you with a +7 rapier!
* * * LOW HITPOINT WARNING * * *
You hit Duvessa. You freeze Duvessa.
Duvessa is severely wounded.
Dowan points at you and mumbles some strange words.
The puff of flame hits you!
* * * LOW HITPOINT WARNING * * *
Duvessa hits you with a +7 rapier.
You die...

#.##......##
###########..#
##.##.......# #..#
#.###.......# ##.##
##.# #......## #..#
#..# #......#
############..##
#.## #......#
#..............###
#.# ##....##
##.................
..# ##...#
#.e...............#
.## #####
#.@..............##
.#
#..e...........###
.###
##.>...........##
...##
#..............#
##..##
#.............##
##..##
##............#
##..###
#...........##
###..##
##.......#..#
##..## ####..###..#


You could see Duvessa (poisoned) and Dowan.

Vanquished Creatures
  An ogre (D:5)
  Blork the orc (D:5)
  A hound (D:5)
  An orc priest (D:5)
  An iguana (D:5)
  A hound skeleton (D:4)
  13 adders
  A gnoll (D:1)
  2 worms (D:2)
  7 orcs
  8 ball pythons
  5 bats
  3 endoplasms
  5 giant cockroaches
  4 goblins
  4 hobgoblins (D:2)
  7 jackals (D:1)
  7 quokkas
  4 frilled lizards
  A jackal skeleton (D:4)
  5 kobolds
  5 rats
87 creatures vanquished.

Notes
Turn   | Place    | Note
-------+----------+-------------------------------------------
     0 | D:1      | AarnesTheHuman the Formicid Fighter began the quest for the
                  | Orb.
     0 | D:1      | Reached XP level 1. HP: 18/18 MP: 1/1
   154 | D:1      | Reached XP level 2. HP: 23/24 MP: 2/2
   319 | D:1      | Reached XP level 3. HP: 17/29 MP: 3/3
  1192 | D:2      | Reached XP level 4. HP: 33/37 MP: 4/4
  1791 | D:2      | Reached XP level 5. HP: 35/42 MP: 5/5
  4120 | D:5      | Entered Level 5 of the Dungeon
  4257 | D:5      | Reached XP level 6. HP: 49/49 MP: 6/6
  4393 | D:5      | Reached skill level 5 in Shields
  4786 | D:5      | Noticed Blork the orc
  4796 | D:5      | Killed Blork the orc
  5018 | D:5      | Noticed an ogre
  5029 | D:5      | Killed an ogre
  5030 | D:5      | Reached skill level 5 in Fighting
  5030 | D:5      | Reached skill level 5 in Armour
  5030 | D:5      | Reached XP level 7. HP: 28/56 MP: 7/7
  5623 | D:6      | Noticed Grinder
  5713 | D:6      | Noticed Duvessa
  5713 | D:6      | Noticed Dowan
  5723 | D:5      | Slain by Duvessa

Illustrated notes

Levels and vault maps discovered:
D:1:      psy_arrival_radial01, layout_rooms, roderic_roman_lattice
D:2:      layout_loops_cross, kennysheep_potato
D:3:      layout_loops_corners, fountainhead, minmay_diced_spiral
D:4:      layout_gridville
D:5:      layout_cave_pods, portal_sewer_entry_f, minivault_25,
          uniq_blork_the_orc
D:6:      layout_cave_pools, fountainhead, kennysheep_path_1, uniq_grinder,
          uniq_duvessa, uniq_sigmund

Skill      XL: |  1  2  3  4  5  6  7 |
---------------+----------------------+-----
Shields        | 4 5 |  5.5
Armour         | 4 5 |  5.1
Fighting       | 4 5 |  5.1
Long Blades    | 3 4 |  4.0

Action                   |  1- 3 |  4- 6 |  7- 9 || total
-------------------------+-------+-------+-------++-------
Melee: Long sword        |   110 |   207 |    29 ||   346
Throw: Dart              |       |     5 |     4 ||     9
 Abil: Dig               |       |     1 |       ||     1
  Use: Scroll            |       |     6 |       ||     6
Armor: Scale mail        |    54 |   123 |    17 ||   194
Dodge: Dodged            |    73 |   117 |    20 ||   210
Block: Buckler           |    28 |    58 |     9 ||    95

Table legend: (Time is in decaauts)
 A = Elapsed time spent in this place.
 B = Non-inter-level travel time spent in this place.
 C = Inter-level travel time spent in this place.
 D = Time resting spent in this place.
 E = Time spent auto-exploring this place.
 F = Levels seen in this place.
 G = Mean time per level.
                   A        B        C        D        E       F      G
               +--------+--------+--------+--------+--------+-----+--------+
         Total |   5811 |   5473 |    338 |    429 |   4274 |   6 |  968.5 |
       Dungeon |   5811 |   5473 |    338 |    429 |   4274 |   6 |  968.5 |
               +--------+--------+--------+--------+--------+-----+--------+

Top non-repeatable levels by time:
     D:5: 1604 daAuts
     D:2: 1263 daAuts
     D:3: 1200 daAuts
     D:1: 916 daAuts
     D:4: 810 daAuts
     D:6: 16 daAuts
